 Dungeon Crawl Stone Soup version 0.31-a0-164-g2312942fda (webtiles) character file.

Game seed: 4751660346388814888

63 qw the Shooter (level 4, -6/27 HPs)
             Began as a Gargoyle Hunter on June 13, 2023.
             Mangled by a gnoll
             ... wielding a +0 flail
              (8 damage)
             ... on level 3 of the Dungeon.
             The game lasted 00:00:31 (1566 turns).

qw the Shooter (Gargoyle Hunter)                    Turns: 1566, Time: 00:00:31

Health: -6/27      AC:  8    Str: 15    XL:     4   Next: 9%
Magic:  4/4        EV: 11    Int:  9    God:
Gold:   27         SH:  0    Dex: 15    Spells: 3/3 levels left

rFire   + . .        Y - +1 shortbow
rCold   + . .        (shield currently unavailable)
rNeg    + . .        b - +0 ring mail
rPois   inf          (no helmet)
rElec   +            f - scarf {rC+ rF+}
rCorr   .            (no gloves)
SInv    .            (no boots)
Will    .....        (no amulet)
Stlth   +            (no ring)
HPRegen 0.24/turn    (no ring)
MPRegen 0.09/turn

%: no passive effects
@: no status effects
A: sickness immunity, AC +3, negative energy resistance 1, electricity
resistance, torment resistance 1, petrification resistance
a: no special abilities


You were on level 3 of the Dungeon.
You visited 1 branch of the dungeon, and saw 3 of its levels.

You collected 93 gold pieces.
You spent 66 gold pieces at shops.


Innate Abilities, Weirdness & Mutations

You are immune to sickness and miasma.
Your stone body is resilient. (AC +3)
You are immune to poison.
You resist negative energy. (rN+)
You are resistant to electric shocks. (rElec)
You are resistant to unholy torment.
You are immune to petrification.


   Skills:
 + Level 2.9 Fighting
 - Level 5.0 Ranged Weapons
 - Level 1.4 Armour
 - Level 1.5 Dodging
 - Level 1.1 Stealth


You had 3 spell levels left.
You didn't know any spells.
Your spell library was empty.

Inventory:

Hand Weapons
 Y - a +1 shortbow (weapon)
Armour
 b - a +0 ring mail (worn)
 f - a scarf of resistance (worn)
Potions
 d - 2 potions of heal wounds {unknown}
 e - a potion of might {unknown}
 g - 2 potions of lignification

Dungeon Overview and Level Annotations

Branches:
Dungeon (3/15)

Altars:

Shops:
D:2 ==*:!


Message History

3 gnolls come into view.
A gnoll is wielding a +1 vampiric spear.
The gnoll shouts! x3
You shoot an arrow. The arrow barely misses the gnoll.
You hear a shout!
A gnoll comes into view. It is wielding a +0 flail.
You shoot an arrow. The arrow closely misses the gnoll.
The arrow barely misses the gnoll.
The gnoll hits you from afar with a +1 vampiric spear.
You shoot an arrow. The arrow hits the gnoll!
The gnoll is severely wounded.
The gnoll misses you.
The gnoll hits you from afar with a +1 vampiric spear.
You shoot an arrow. The arrow hits the gnoll.
You kill the gnoll!
The gnoll hits you but does no damage. The gnoll hits you with a +0 flail.
The gnoll hits you from afar with a +1 vampiric spear.
Your Armour skill increases to level 1!
You have reached level 4!
You feel stronger.
You shoot an arrow. The arrow hits the gnoll.
The gnoll is lightly wounded.
The gnoll closely misses you. The gnoll hits you but does no damage.
The gnoll hits you with a +0 flail.
You shoot an arrow. The arrow hits the gnoll.
The gnoll is moderately wounded.
The gnoll hits you with a +0 flail. The gnoll closely misses you.
The gnoll hits you from afar with a +1 vampiric spear.
You shoot an arrow. The arrow barely misses the gnoll.
The arrow hits the gnoll!
The gnoll is severely wounded.
The gnoll hits you but does no damage. The gnoll completely misses you.
You shoot an arrow.
The arrow hits the gnoll but does no damage.
The gnoll is moderately wounded.
The gnoll completely misses you. The gnoll hits you with a +0 flail.
The gnoll barely misses you. The gnoll closely misses you. x2
The gnoll hits you but does no damage.
You shoot an arrow. The arrow hits the gnoll.
The gnoll is severely wounded.
The gnoll barely misses you. The gnoll hits you with a +0 flail!
You die...

..# ...........)...
..#........#.....
.........#.%... ..
##.###..##.....
##..####.............
#.......###.....##...
..#####.##...##...###
####.......##>....
#g@..####....#..#..
#g#### #.##. #.# #
.g. #.# .# .. #....
..# . ...... ....#..
.####.. #..


You could see 3 gnolls.

Vanquished Creatures
  A gnoll (D:3)
  A worm (D:3)
  A dart slug (D:1)
  3 orcs (D:2)
  A ball python (D:1)
  3 endoplasms (D:2)
  2 giant cockroaches (D:1)
  12 goblins
  3 hobgoblins
  3 kobolds
  3 quokkas
  2 bats (D:1)
  2 frilled lizards
  4 rats
41 creatures vanquished.

Notes
Turn   | Place    | Note
-------+----------+-------------------------------------------
     0 | D:1      | qw the Gargoyle Hunter began the quest for the Orb.
     0 | D:1      | Reached XP level 1. HP: 12/12 MP: 1/1
     0 | D:1      | 0 ||| qw: Version: 0.2-a-29-gc1b59c4
     0 | D:1      | 0 ||| qw: Game counter: 4608
     0 | D:1      | 0 ||| qw: Always use a shield: true
     0 | D:1      | 0 ||| qw: God list: Okawaru
     0 | D:1      | 0 ||| qw: Allow faded altars: false
     0 | D:1      | 0 ||| qw: Do Orc after D:15 true
     0 | D:1      | 0 ||| qw: Do second Lair branch before Depths: true
     0 | D:1      | 0 ||| qw: Lair rune preference: random
     0 | D:1      | 0 ||| qw: Plans: Normal, Zot:1-4, Slime:5, God:TSO, Crypt,
                  | Tomb, Abyss, Pan, Hells, Win
     0 | D:1      | 0 ||| PLANNING D:1-11
   138 | D:1      | Reached XP level 2. HP: 17/17 MP: 2/2
   563 | D:1      | 563 ||| UPGRADING to scarf of resistance.
   568 | D:1      | 568 ||| DROPPING ring of flight.
   569 | D:1      | 569 ||| READING scroll labelled YNESOU DIMOB.
   570 | D:1      | 570 ||| DROPPING scroll of butterflies.
   585 | D:2      | Found Ufasac's Book Boutique.
   859 | D:2      | Reached XP level 3. HP: 21/21 MP: 3/3
   864 | D:2      | Reached skill level 5 in Ranged Weapons
   940 | D:2      | Found Cohaucw's Jewellery Boutique.
   950 | D:2      | 950 ||| SHOPLISTING +4 ring of protection (468 gold, have
                  | 62).
   950 | D:2      | 950 ||| SHOPLISTING +4 ring of slaying (1014 gold, have
                  | 62).
   950 | D:2      | 950 ||| SHOPLISTING +6 ring of dexterity (468 gold, have
                  | 62).
   950 | D:2      | 950 ||| SHOPLISTING amulet of reflection (390 gold, have
                  | 62).
   950 | D:2      | 950 ||| SHOPLISTING ring of fire (325 gold, have 62).
   950 | D:2      | 950 ||| SHOPLISTING ring of positive energy (260 gold, have
                  | 62).
   950 | D:2      | 950 ||| SHOPLISTING ring of see invisible (195 gold, have
                  | 62).
  1140 | D:2      | Found Xaunamm's Jewellery Shop.
  1150 | D:2      | 1150 ||| SHOPLISTING +4 ring of protection (504 gold, have
                  | 93).
  1150 | D:2      | 1150 ||| SHOPLISTING +6 ring of dexterity (504 gold, have
                  | 93).
  1150 | D:2      | 1150 ||| SHOPLISTING +6 ring of strength (504 gold, have
                  | 93).
  1150 | D:2      | 1150 ||| SHOPLISTING amulet of faith (560 gold, have 93).
  1150 | D:2      | 1150 ||| SHOPLISTING amulet of regeneration (420 gold, have
                  | 93).
  1150 | D:2      | 1150 ||| SHOPLISTING amulet of the Pariah {Rampage Regen+
                  | Dex+6} (694 gold, have 93).
  1150 | D:2      | 1150 ||| SHOPLISTING ring of positive energy (280 gold,
                  | have 93).
  1154 | D:2      | Found Edduip's General Store.
  1159 | D:2      | 1159 ||| BUYING potion of lignification (33 gold).
  1159 | D:2      | Bought a potion of lignification for 33 gold pieces
  1159 | D:2      | 1159 ||| BUYING potion of lignification (33 gold).
  1159 | D:2      | Bought a potion of lignification for 33 gold pieces
  1159 | D:2      | 1159 ||| SHOPLISTING ring of protection from fire (275
                  | gold, have 27).
  1171 | D:2      | Found Sellemo's Distillery.
  1181 | D:2      | 1181 ||| SHOPLISTING potion of curing (33 gold, have 27).
  1181 | D:2      | 1181 ||| SHOPLISTING potion of haste (110 gold, have 27).
  1181 | D:2      | 1181 ||| SHOPLISTING potion of magic (88 gold, have 27).
  1181 | D:2      | 1181 ||| SHOPLISTING potion of might (44 gold, have 27).
  1464 | D:2      | 1464 ||| UPGRADING to +0 ring mail.
  1474 | D:2      | 1474 ||| DROPPING +0 leather armour.
  1475 | D:2      | 1475 ||| READING scroll labelled ODGHUSH PUSM.
  1562 | D:3      | Reached skill level 1 in Armour
  1562 | D:3      | Reached XP level 4. HP: 16/27 MP: 4/4
  1563 | D:3      | HP: 6/27 [gnoll/+1 vampiric spear (4)]
  1565 | D:3      | HP: 2/27 [gnoll/+0 flail (5)]
  1566 | D:3      | Mangled by a gnoll

Levels and vault maps discovered:
D:1:      scummos_arrival_simple_fountains, layout_loops_ring
D:2:      kennysheep_the_goblin_king, layout_basic, serial_shops, shop,
          nicolae_shop_just_a_little_nook, shop, shop, nicolae_lakefront_shop,
          corexii_item_surrounded_by_moat, corexii_corridor_pit,
          chequers_big_river
D:3:      layout_rooms, marbit_many_paths

Skill      XL: |  1  2  3 |
---------------+----------+-----
Ranged Weapons | 5 |  5.0
Armour         | 1 |  1.4
Fighting       | |  2.9
Dodging        | |  1.5
Stealth        | |  1.1

Action                     |  1- 3 |  4- 6 || total
---------------------------+-------+-------++-------
   Fire: Shortbow          |   113 |     5 ||   118
    Use: Scroll            |     2 |       ||     2
 Armour: Leather armour    |    13 |       ||    13
         Ring mail         |     3 |     3 ||     6
  Dodge: Dodged            |    23 |     8 ||    31

Table legend:
 A = Non-vault XP
 B = Vault XP
 C = Vault XP percentage of total XP
 D = Non-vault monster count
 E = Vault monster count
 F = Vault count percentage of total count
                 A         B        C        D         E       F
            +---------+---------+-------+---------+---------+-------
      Total |      78 |      12 |  13.3 |      34 |       7 |  17.1
            +---------+---------+-------+---------+---------+-------
        D:1 |      29 |       0 |   0.0 |      16 |       0 |   0.0
        D:2 |      26 |      12 |  31.6 |      13 |       7 |  35.0
        D:3 |      23 |       0 |   0.0 |       5 |       0 |   0.0
            +---------+---------+-------+---------+---------+-------
